 Dungeon Crawl Stone Soup version 0.31.0-9-g3a7656b989 (webtiles) character file.

Game seed: 422019551868708218

56 qw the Shooter (level 3, 0/18 HPs)
             Began as a Spriggan Hunter on Feb 2, 2024.
             Slain by Terence
             ... wielding a +0 trident
              (9 damage)
             ... on level 2 of the Dungeon.
             The game lasted 00:00:05 (1162 turns).

qw the Shooter (Spriggan Hunter)                    Turns: 1162, Time: 00:00:06

Health: 0/18       AC:  3    Str:  5    XL:     3   Next: 69%
Magic:  4/4        EV: 24    Int: 10    God:
Gold:   87         SH:  0    Dex: 20    Spells: 2/2 levels left

rFire   . . .        a - +0 shortbow
rCold   . . .        (shield currently unavailable)
rNeg    . . .        c - +0 robe
rPois   .            (helmet restricted)
rElec   .            (no cloak)
rCorr   .            (gloves unavailable)
SInv    +            (boots unavailable)
Will    .....        (no amulet)
Stlth   ++           e - +5 ring of evasion
HPRegen 0.23/turn    (no ring)
MPRegen 0.09/turn

%: no passive effects
@: very quick
A: very small, no large weapons, unfitting armour, see invisible, speed 3,
iridescent scales 1, deformed body, weak 1
a: no special abilities


You were on level 2 of the Dungeon.
You visited 1 branch of the dungeon, and saw 2 of its levels.

You collected 87 gold pieces.


Innate Abilities, Weirdness & Mutations

You are very small and have problems with some larger weapons.
You are too small for most types of armour.
You have supernaturally acute eyesight. (SInv)
You cover ground extremely quickly. (Speed+++)
You are partially covered in iridescent scales. (AC +2)
Armour fits poorly on your strangely shaped body.
You are weak. (Str -2)


   Skills:
 - Level 1.5 Fighting
 + Level 4.9 Ranged Weapons
 - Level 4.0 Dodging
 - Level 1.5 Stealth


You had 2 spell levels left.
You didn't know any spells.
Your spell library was empty.

Inventory:

Hand Weapons
 a - a +0 shortbow (weapon)
Armour
 c - a +0 robe (worn)
Jewellery
 e - a +5 ring of evasion (left hand)
Potions
 f - a potion of heal wounds

Dungeon Overview and Level Annotations

Branches:
Dungeon (2/15)

Altars:

Annotations:
D:2 Terence


Message History

You shoot an arrow. The arrow barely misses Terence.
Terence zaps a wand.
The puff of flame misses you.
You shoot an arrow.
The arrow hits Terence but does no damage.
Terence is lightly wounded.
You shoot an arrow.
The arrow hits Terence but does no damage.
Terence is lightly wounded.
You shoot an arrow. The arrow hits Terence.
Terence is lightly wounded.
Terence misses you.
You shoot an arrow. The arrow barely misses Terence.
Terence misses you. Terence completely misses you.
You shoot an arrow. The arrow barely misses Terence.
Terence zaps a wand.
The puff of flame misses you.
You shoot an arrow. The arrow hits Terence!
Terence is heavily wounded.
Terence completely misses you.
You shoot an arrow. The arrow closely misses Terence.
Terence closely misses you.
You shoot an arrow. The arrow closely misses Terence.
Terence closely misses you.
You shoot an arrow.
The arrow hits Terence but does no damage.
Terence is heavily wounded.
Terence misses you.
You shoot an arrow. The arrow hits Terence.
Terence is heavily wounded.
Terence completely misses you.
Terence says, "Time to say good-bye..."
Terence completely misses you.
You shoot an arrow. The arrow hits Terence.
Terence is severely wounded.
Terence zaps a wand.
The puff of flame hits you!
Ouch! That really hurt!
1162 ||| STAIRDANCE Terence hits you from afar with a +0 trident!
Ouch! That really hurt!
You die...
Terence says, "Time to find some more victims."

##.##................#
#.##.......%........#
#.##.........#......#
#..####...##.#......#
##.####.#.............
#...##.###...........
###..@......#.......
##<....#..#....
#@.......# ###
####...#.# .......
....... ...... .....
....


You could see Terence.

Vanquished Creatures
  2 adders
  A dart slug (D:1)
  A ribbon worm (D:2)
  5 endoplasms
  2 giant cockroaches
  A goblin (D:1)
  4 hobgoblins (D:1)
  A jackal (D:2)
  3 kobolds (D:1)
  A quokka (D:1)
  3 ball pythons (D:1)
  3 bats
  2 frilled lizards
  3 rats (D:1)
32 creatures vanquished.

Notes
Turn   | Place    | Note
-------+----------+-------------------------------------------
     0 | D:1      | qw the Spriggan Hunter began the quest for the Orb.
     0 | D:1      | Reached XP level 1. HP: 10/10 MP: 2/2
     0 | D:1      | 0 ||| qw: Version: 0.3-a-155-g5e7d8dd
     0 | D:1      | 0 ||| qw: Game counter: 78
     0 | D:1      | 0 ||| qw: Melee chars always use a shield: true
     0 | D:1      | 0 ||| qw: God list: Okawaru
     0 | D:1      | 0 ||| qw: Allow faded altars: false
     0 | D:1      | 0 ||| qw: Do Orc after clearing Dungeon:15 true
     0 | D:1      | 0 ||| qw: Do second Lair branch before Depths: true
     0 | D:1      | 0 ||| qw: Lair rune preference: random
     0 | D:1      | 0 ||| qw: Goals: Normal
     0 | D:1      | 0 ||| PLANNING D:1-11
    61 | D:1      | Reached skill level 3 in Dodging
   202 | D:1      | Reached XP level 2. HP: 14/14 MP: 3/3
   911 | D:1      | 911 ||| UPGRADING to +5 ring of evasion.
   912 | D:1      | 912 ||| READING scroll labelled GIUSTR XURR.
   912 | D:1      | 912 ||| ENCHANTING +0 shortbow.
   913 | D:1      | 913 ||| READING scroll labelled SUCSOCZ COKKEJE.
   916 | D:1      | 916 ||| DRINKING 2 ruby potions.
   917 | D:1      | 917 ||| DRINKING 2 fizzy golden potions.
   917 | D:1      | Gained mutation: Your magical capacity is low. (-10% MP)
                  | [potion of mutation]
   917 | D:1      | Gained mutation: You are frail. (-10% HP) [potion of
                  | mutation]
   917 | D:1      | Gained mutation: You possess an exceptional clarity of
                  | mind. [potion of mutation]
   918 | D:1      | 918 ||| DRINKING potion of mutation.
   918 | D:1      | Lost mutation: Your magical capacity is low. (-10% MP)
                  | [potion of mutation]
   918 | D:1      | Lost mutation: You possess an exceptional clarity of mind.
                  | [potion of mutation]
   918 | D:1      | Lost mutation: You are frail. (-10% HP) [potion of
                  | mutation]
   918 | D:1      | Gained mutation: You are weak. (Str -2) [potion of
                  | mutation]
   918 | D:1      | Gained mutation: Armour fits poorly on your strangely
                  | shaped body. [potion of mutation]
   918 | D:1      | Gained mutation: You are partially covered in iridescent
                  | scales. (AC +2) [potion of mutation]
   931 | D:1      | 931 ||| DROPPING scroll of butterflies.
   954 | D:2      | 954 ||| STAIRDANCE
   963 | D:1      | Reached XP level 3. HP: 18/18 MP: 4/4
  1030 | D:2      | 1030 ||| STAIRDANCE
  1101 | D:2      | Noticed Terence
  1104 | D:2      | 1104 ||| FLEEEEING.
  1105 | D:2      | 1105 ||| FLEEEEING.
  1107 | D:2      | 1107 ||| FLEEEEING.
  1108 | D:2      | 1108 ||| FLEEEEING.
  1110 | D:2      | 1110 ||| FLEEEEING.
  1111 | D:2      | 1111 ||| FLEEEEING.
  1112 | D:2      | 1112 ||| FLEEEEING.
  1114 | D:2      | 1114 ||| FLEEEEING.
  1115 | D:2      | 1115 ||| FLEEEEING.
  1117 | D:2      | 1117 ||| FLEEEEING.
  1118 | D:2      | 1118 ||| FLEEEEING.
  1122 | D:2      | 1122 ||| FLEEEEING.
  1123 | D:2      | 1123 ||| STAIRDANCE
  1146 | D:1      | 1146 ||| READING scroll labelled SYDDUM EBIOXO.
  1162 | D:2      | 1162 ||| STAIRDANCE
  1162 | D:2      | Slain by Terence

Levels and vault maps discovered:
D:1:      lightli_arrival_chessboard, layout_loops_corners,
          minmay_tree_intersection
D:2:      layout_rooms, uniq_terence

Skill      XL: |  1  2 |
---------------+-------+-----
Dodging        | 3 4 |  4.0
Fighting       | |  1.5
Ranged Weapons | |  4.9
Stealth        | |  1.5

Action                     || total
---------------------------++-------
   Fire: Shortbow          ||   109
    Use: Potion            ||     3
         Scroll            ||     3
 Armour: Robe              ||    10
  Dodge: Dodged            ||    41

Table legend:
 A = Non-vault XP
 B = Vault XP
 C = Vault XP percentage of total XP
 D = Non-vault monster count
 E = Vault monster count
 F = Vault count percentage of total count
                 A         B        C        D         E       F
            +---------+---------+-------+---------+---------+-------
      Total |      80 |       0 |   0.0 |      32 |       0 |   0.0
            +---------+---------+-------+---------+---------+-------
        D:1 |      54 |       0 |   0.0 |      24 |       0 |   0.0
        D:2 |      26 |       0 |   0.0 |       8 |       0 |   0.0
            +---------+---------+-------+---------+---------+-------
